 Dungeon Sprint DCSS version 0.31.0-9-g3a7656b989 (webtiles) character file.

Game seed: 695724624574188656

116 Groucho the Trooper (level 4, 0/44 HPs)
             Began as a Minotaur Fighter on Jan 26, 2024.
             Slain by a shadow (8 damage)
             ... in the Dungeon (Sprint III: "The Ten Rune Challenge").
             The game lasted 00:01:13 (659 turns).

Groucho the Trooper (Minotaur Fighter)               Turns: 659, Time: 00:01:14

Health: 0/44       AC:  3    Str: 23    XL:     4   Next: 70%
Magic:  5/5        EV:  9    Int:  5    God:
Gold:   32         SH:  5    Dex:  9    Spells: 3/3 levels left

rFire   . . .        a - +0 flail
rCold   . . .        c - +0 buckler
rNeg    . . .        b - +0 scale mail
rPois   .            (helmet restricted)
rElec   .            (no cloak)
rCorr   .            (no gloves)
SInv    .            (no boots)
Will    .....        (no amulet) Stlth
                     (no ring)
HPRegen 0.27/turn    (no ring)
MPRegen 0.09/turn

%: no teleportation
@: corroded, hasted, very quick
A: horns 2, retaliatory headbutt
a: no special abilities


You were in the Dungeon.
You visited 1 branch You collected 32 gold pieces.

Inventory:

Hand Weapons
 a - a +0 flail (weapon)
Armour
 b - a +0 scale mail (worn)
 c - a +0 buckler (worn)
Scrolls
 j - a scroll of blinking
 l - 2 scrolls of immolation {unknown}
 m - 2 scrolls of identify {unknown}
Potions
 d - 2 potions of might
 e - 3 potions of curing
 h - 2 potions of magic
 k - 2 potions of mutation {unknown}
 n - a potion of enlightenment {unknown}


   Skills:
 + Level 6.2 Fighting
 + Level 5.5 Maces & Flails
 + Level 6.2 Armour
 + Level 6.1 Shields
 + Level 3.9 Invocations


You had 3 spell levels left.
You didn't know any spells.
Your spell library was empty.

Dungeon Overview and Level Annotations

Branches:
Dungeon (1/1)

Altars:


Innate Abilities, Weirdness & Mutations

You have a pair of horns on your head.
You reflexively headbutt those who attack you in melee.


Message History

The shadow flickers and vanishes!
Deactivating autopickup; reactivate with Ctrl-A.
You miss something. Your headbutt misses something.
The shadow strikes at you from the darkness!
Reactivating autopickup.
The shadow barely misses you.
You hit the shadow.
The shadow is lightly damaged.
The jelly closely misses you. The shadow hits you.
You closely miss the shadow. Your headbutt misses the shadow.
The shadow is lightly damaged.
The jelly hits you but does no damage.
The shadow slips into darkness.
The shadow flickers and vanishes!
Deactivating autopickup; reactivate with Ctrl-A.
Unknown command.
Unknown command.
You closely miss something. The jelly hits you. The acid corrodes you!
You are splashed with acid!
* * * LOW HITPOINT WARNING * * *
The shadow strikes at you from the darkness!
* * * LOW HITPOINT WARNING * * *
Reactivating autopickup.
Unknown command.
You feel much better. The jelly hits you.
You are splashed with acid!
The shadow hits you.
* * * LOW HITPOINT WARNING * * *
Unknown command.
Unknown command.
You feel yourself speed up. The jelly barely misses you.
You furiously retaliate!
You headbutt the jelly, but do no damage.
The shadow hits you.
* * * LOW HITPOINT WARNING * * *
You sock the jelly!
Your hands burn!
* * * LOW HITPOINT WARNING * * *
You headbutt the jelly!
You kill the jelly!
The shadow hits you!
You die...

▓▓ ▓▓▓ .♣ ♣.# .♣♣♣
♣♣.# ...♣ ..#
.~.♣♣♣♣.###+#+###+##
~~♣.♣...#..........#
~~~♣♣♣..'.⌠.....@W.#
≈≈~~~.♣.#...######'#
≈~~~....#.⌠.# #...#
~~~.....#...# #..J#
~.......#+### #...#
........# #...+
........# +...#
▓▓▓▓▓▓▓▓▓ ▓▓▓▓▓


You could see a shadow.

Vanquished Creatures
  A water elemental (D)
  A jelly (D)
  Jessica (D)
  A human (D)
  A wolf (D)
  An endoplasm (D)
  A rat (D)
7 creatures vanquished.

Notes
Turn   | Place    | Note
-------+----------+-------------------------------------------
     0 | D        | Groucho the Minotaur Fighter began the quest for the Orb.
     0 | D        | Reached XP level 1. HP: 19/19 MP: 0/0
    16 | D        | Noticed Jessica
    19 | D        | Killed Jessica
    20 | D        | Reached XP level 2. HP: 28/28 MP: 0/2
    52 | D        | Reached skill level 5 in Fighting
    52 | D        | Reached skill level 5 in Armour
    52 | D        | Reached skill level 5 in Shields
    52 | D        | Reached XP level 3. HP: 32/36 MP: 2/4
   262 | D        | Noticed a water elemental
   272 | D        | Killed a water elemental
   273 | D        | Reached skill level 5 in Maces & Flails
   273 | D        | Reached XP level 4. HP: 6/44 MP: 5/5
   649 | D        | Noticed a shadow
   659 | D        | Slain by a shadow

Illustrated notes

Levels and vault maps discovered:
D:        dungeon_sprint_mu [sprint_mu_entry_forest, sprint_mu_temple_rooms,
          sprint_mu_d1_spiders, sprint_mu_d2_genie, sprint_mu_d3_branching,
          sprint_mu_orc_legion, sprint_mu_elf_gauntlet, sprint_mu_hive_nellie,
          sprint_mu_lair_fedhas, sprint_mu_vaults_butterflies,
          sprint_mu_slime_circle, sprint_mu_shoals_archi,
          sprint_mu_snake_twists, sprint_mu_blade_basic,
          sprint_mu_crypt_chambers, sprint_mu_tomb_spiral,
          sprint_mu_vestibule_basic, sprint_mu_gehenna_hellfire,
          sprint_mu_dis_giant, sprint_mu_tartarus_statrot,
          sprint_mu_cocytus_islands, sprint_mu_zot1]

Skill      XL: |  1  2  3 |
---------------+----------+-----
Fighting       | 4 5 6 |  6.2
Maces & Flails | 3 4 5 |  5.5
Armour         | 4 5 6 |  6.2
Shields        | 4 5 6 |  6.1
Invocations    | 2 3 |  3.9

Action                     |  1- 3 |  4- 6 || total
---------------------------+-------+-------++-------
  Melee: Flail             |    14 |     6 ||    20
         Headbutt          |       |     1 ||     1
    Use: Potion            |     1 |     2 ||     3
 Armour: Scale mail        |     9 |     9 ||    18
  Dodge: Dodged            |     9 |     3 ||    12
